 Dungeon Sprint DCSS version 0.30.1-9-gdf580d7c3d (webtiles) character file.

Game seed: 4175752813890277256

22097 Groucho the Acrobat (level 11, -15/96 HPs)
             Began as a Felid Berserker on Oct 9, 2023.
             Was an Elder of Trog.
             Demolished by an azure jelly (18 damage)
             ... in the Dungeon (Sprint III: "The Ten Rune Challenge").
             The game lasted 00:12:52 (4336 turns).

Groucho the Acrobat (Felid Berserker)               Turns: 4336, Time: 00:12:52

Health: -15/96     AC:  2    Str: 21    XL:     11   Next: 18%
Magic:  10/10      EV: 35    Int:  7    God:    Trog [****..]
Gold:   46         SH:  0    Dex: 18    Spells: 10/10 levels left
                                        Lives:  0   Deaths: 3

rFire   . .          .
                       - Unarmed
rCold   + . .        (shield unavailable)
rNeg    . . .        (body armour unavailable)
rPois   .            (helmet unavailable)
rElec   .            (cloak unavailable)
rCorr   .            (gloves unavailable)
SInv    +            (boots unavailable)
Will    +++..        (no amulet) Stlth
                     (no ring)
HPRegen 1.36/turn    (no ring)
MPRegen 0.12/turn

%: no teleportation
@: berserking (expiring), strong-willed, regenerating, very quick
A: very small, claws 1, fangs 3, see invisible, speed 1, shaggy fur 2, stealthy
paws, no weapons or thrown items, no armour, multi-lived, thin skeletal
structure 1, cold resistance 1, low MP 1, strong 1, wild magic 2
}: 1/10 runes: serpentine
a: Renounce Religion, Berserk, Trog's Hand, Brothers in Arms


You were in the Dungeon.
You worshipped Trog.
Trog was greatly pleased with you.
You visited 1 branch You collected 46 gold pieces.

Inventory:

Scrolls
 b - a scroll of enchant armour {unknown}
 f - a scroll of blinking
 h - a scroll of torment {unknown}
 i - a scroll of magic mapping {unknown}
 k - a scroll of immolation {unknown}
 l - 2 scrolls of identify
Potions
 a - a potion of curing
 c - a potion of invisibility {unknown}
 d - 3 potions of magic
 e - 4 potions of berserk rage
 g - a potion of might
 j - a potion of flight
 m - a potion of mutation


   Skills:
 + Level 17.4 Fighting
 + Level 21.9 Dodging
 - Level 20.5 Stealth
 + Level 17.4 Unarmed Combat


You had 10 spell levels left.
You didn't know any spells.
Your spell library was empty.

Dungeon Overview and Level Annotations

Branches:
Dungeon (1/1)

Altars:
Dithmenos
Elyvilon
Fedhas
Kikubaaqudgha
Okawaru
Qazlal
Ru
Sif Muna
Trog
Uskayaw
Vehumet
Wu Jian
Yredelemnul
Zin
The Shining One

Shops:
D ?=(


Innate Abilities, Weirdness & Mutations

You have sharp claws.
You have razor-sharp teeth.
You have supernaturally acute eyesight. (SInv)
You cover ground quickly. (Speed+)
You are covered in thick fur. (AC +2)
Your paws help you pounce on unaware monsters.
You are incapable of wielding weapons or throwing items.
You cannot wear armour.
You gain extra lives every three experience levels.
You have a somewhat thin skeletal structure. (Dex +2, Stealth+)
Your flesh is cold resistant. (rC+)
Your magical capacity is low. (-10% MP)
Your muscles are strong. (Str +4, Int/Dex -1)
Your spells are harder to cast, but more powerful.


Message History

The death yak is moderately wounded.
The blink frog blinks!
You mangle the death yak!!
The death yak is severely wounded.
A nearby plant withers and dies.
The azure jelly closely misses you. The azure jelly misses you.
The azure jelly completely misses you. The azure jelly hits you!
The death yak gores you.
You barely miss the death yak. Your claw misses the death yak.
The death yak is severely wounded.
The blink frog blinks!
The blink frog completely misses you. The azure jelly hits you!
The azure jelly freezes you! You resist. The azure jelly completely misses you.
The azure jelly hits you. The azure jelly completely misses you.
You are too injured to fight recklessly!
You are too injured to fight recklessly!
You are too injured to fight recklessly!
Unknown command.
You claw the death yak!
The death yak is almost dead.
The death yak completely misses you.
You scratch the death yak but do no damage.
The death yak is almost dead.
The blink frog completely misses you. The azure jelly hits you!
* * * LOW HITPOINT WARNING * * *
The azure jelly freezes you!! You resist.
* * * LOW HITPOINT WARNING * * *
The azure jelly closely misses you. The azure jelly misses you.
The azure jelly completely misses you.
Unknown command.
You barely miss the death yak.
The death yak is almost dead.
The blink frog completely misses you. The death yak completely misses you.
Unknown command.
Unknown command.
You barely miss the death yak. Your bite misses the death yak.
The death yak is almost dead.
The azure jelly hits you.
* * * LOW HITPOINT WARNING * * *
The azure jelly freezes you!! You resist.
You die...

▓...'~≈≈≈≈~≈~≈♣♣.....♣♣♣♣~~
▓...#~≈~§§≈~~~♣♣.≈≈≈≈'♣♣'♣≈
▓...#~~~§§§≈~~['.....#.~♣♣♣
▓...#≈~~§.§≈≈~♣♣♣♣♣♣♣#..♣♣
▓...#≈≈≈~≈≈≈..♣ ###'♣♣
▓##'####'#######♣ ♣♣♣♣.##
▓..........JJJ†.♣♣ ♣...##.
▓#'#############.♣ ♣♣.##.#
▓...#~P.YF@J.....♣ ♣..#.#
▓...+~~..Y######## ♣♣.##.
▓...#~~~§F ♣♣.##.
▓J..#~~~~. ♣.....
#+######## ######


You could see an azure jelly, 2 death yaks and 2 blink frogs.

Vanquished Creatures
  Gastronok (D)
  An azure jelly (D)
  A dire elephant (D)
  Snorg (D)
  A centaur warrior (D)
  2 death yaks (D)
  2 anacondas (D)
  Urug (D)
  A death drake (D)
  A deep elf pyromancer (D)
  A lindwurm (D)
  A guardian serpent (D)
  An elephant (D)
  2 black mambas (D)
  A cane toad (D)
  2 unseen horrors (D)
  A rime drake (D)
  3 wandering mushrooms (D)
  2 tyrant leeches (D)
  A blink frog (D)
  A shadow (D)
  3 redbacks (D)
  4 water moccasins (D)
  A swamp drake (D)
  2 centaurs (D)
  An earth elemental (D)
  A necrophage (D)
  A water elemental (D)
  A scorpion (D)
  An electric eel (D)
  A jelly (D)
  Jessica (D)
  A wizard (D)
  A necromancer (D)
  3 humans (D)
  A kobold demonologist (D)
  An adder (D)
  2 endoplasms (D)
  A rat (D)
55 creatures vanquished.

Vanquished Creatures (collateral kills)
  Rupert (D)
  A nagaraja (D)
  A dire elephant (D)
  2 hydras (D)
  A naga warrior (D)
  A spriggan druid (D)
  A black mamba (D)
  An elephant (D)
  A cane toad (D)
  A komodo dragon (D)
  4 blink frogs (D)
  2 spriggans (D)
  2 nagas (D)
  A water moccasin (D)
20 creatures vanquished.

Grand Total: 75 creatures vanquished

Notes
Turn   | Place    | Note
-------+----------+-------------------------------------------
     0 | D        | Groucho the Felid Berserker began the quest for the Orb.
     0 | D        | Reached XP level 1. HP: 10/10 MP: 2/2
    22 | D        | Noticed Jessica
    29 | D        | Killed Jessica
    29 | D        | Reached ** piety under Trog
    30 | D        | Reached XP level 2. HP: 11/14 MP: 3/3
    30 | D        | Reached XP level 3. HP: 13/17 MP: 4/4
   229 | D        | Noticed a scorpion
   232 | D        | Killed a scorpion
   233 | D        | Reached XP level 4. HP: 21/21 MP: 5/5
   252 | D        | Gained mutation: You are somewhat resistant to further
                  | mutation. [potion of mutation]
   255 | D        | Lost mutation: You are somewhat resistant to further
                  | mutation. [potion of mutation]
   255 | D        | Gained mutation: You are frail. (-10% HP) [potion of
                  | mutation]
   255 | D        | Gained mutation: Your magical capacity is low. (-10% MP)
                  | [potion of mutation]
   255 | D        | Gained mutation: Your body sometimes deteriorates upon
                  | taking damage. [potion of mutation]
   255 | D        | Gained mutation: You have a somewhat thin skeletal
                  | structure. (Dex +2, Stealth+) [potion of mutation]
   256 | D        | Noticed a water elemental
   259 | D        | Killed a water elemental
   259 | D        | Reached *** piety under Trog
   260 | D        | Reached skill level 5 in Dodging
   260 | D        | Reached XP level 5. HP: 22/22 MP: 5/5
   264 | D        | Found a radiant altar of Vehumet.
   265 | D        | Found a shimmering blue altar of Sif Muna.
   265 | D        | Found an ancient bone altar of Kikubaaqudgha.
   268 | D        | Reached **** piety under Trog
   269 | D        | Reached skill level 6 in Dodging
   282 | D        | Found a shadowy altar of Dithmenos.
   291 | D        | Reached skill level 5 in Fighting
   291 | D        | Reached skill level 5 in Unarmed Combat
   291 | D        | Gained mutation: You are covered in thick fur. (AC +2)
                  | [Felid growth]
   291 | D        | Reached XP level 6. HP: 27/27 MP: 6/6
   291 | D        | Found a basalt altar of Yredelemnul.
   291 | D        | Found a sacrificial altar of Ru.
   294 | D        | Reached skill level 7 in Dodging
   355 | D        | Found a hide-covered altar of Uskayaw.
   355 | D        | Found an iron altar of Okawaru.
   356 | D        | Found a bloodstained altar of Trog.
   356 | D        | Found an ornate altar of the Wu Jian Council.
   356 | D        | Noticed a human
   356 | D        | Noticed a human
   358 | D        | Killed a human
   359 | D        | Reached skill level 8 in Dodging
   359 | D        | Killed a human
   359 | D        | Reached ***** piety under Trog
   360 | D        | Reached skill level 9 in Dodging
   360 | D        | Reached skill level 15 in Stealth
   360 | D        | Reached XP level 7. HP: 31/31 MP: 7/7
   372 | D        | Found a glowing silver altar of Zin.
   373 | D        | Found a glowing golden altar of the Shining One.
   373 | D        | Found a white marble altar of Elyvilon.
   373 | D        | Noticed a deep elf pyromancer
   375 | D        | Killed a deep elf pyromancer
   376 | D        | Reached skill level 10 in Dodging
   376 | D        | Reached XP level 8. HP: 36/36 MP: 8/8
   393 | D        | Reached skill level 11 in Dodging
   398 | D        | Found a blossoming altar of Fedhas.
   398 | D        | Found a stormy altar of Qazlal.
   406 | D        | Noticed Snorg
   416 | D        | Slain by Snorg
   417 | D        | Reached XP level 7. HP: -1/49 MP: 7/7
   446 | D        | Killed Snorg
   447 | D        | Reached skill level 12 in Dodging
   447 | D        | Reached XP level 8. HP: 16/37 MP: 8/8
   974 | D        | Noticed a centaur warrior
   978 | D        | Killed a centaur warrior
   979 | D        | Reached skill level 10 in Fighting
   979 | D        | Reached skill level 13 in Dodging
   979 | D        | Reached skill level 10 in Unarmed Combat
   979 | D        | Reached XP level 9. HP: 42/42 MP: 9/9
  1265 | D        | Noticed an unseen horror
  1265 | D        | Noticed an unseen horror
  1266 | D        | Killed an unseen horror
  1268 | D        | Killed an unseen horror
  1269 | D        | Reached skill level 14 in Dodging
  1274 | D        | Noticed a wandering mushroom
  1391 | D        | Noticed a wandering mushroom
  1393 | D        | Killed a wandering mushroom
  1393 | D        | Reached ****** piety under Trog
  1394 | D        | Noticed a wandering mushroom
  1399 | D        | Killed a wandering mushroom
  1669 | D        | Noticed a cane toad
  1669 | D        | Noticed a komodo dragon
  1669 | D        | Noticed a cane toad
  1677 | D        | Killed a komodo dragon
  1679 | D        | Killed a cane toad
  1680 | D        | Killed a cane toad
  1681 | D        | Reached skill level 15 in Dodging
  1681 | D        | Reached XP level 10. HP: 38/47 MP: 10/10
  1879 | D        | Noticed a lindwurm
  1889 | D        | Killed a lindwurm
  2150 | D        | Noticed Urug
  2152 | D        | Killed Urug
  2153 | D        | Reached skill level 16 in Dodging
  2157 | D        | Noticed a five-headed hydra
  2157 | D        | Noticed a seven-headed hydra
  2161 | D        | Noticed a death drake
  2164 | D        | Killed a death drake
  2168 | D        | Killed a seven-headed hydra
  2171 | D        | Killed a five-headed hydra
  2172 | D        | Reached skill level 17 in Dodging
  2178 | D        | Found a blossoming altar of Fedhas.
  2178 | D        | Noticed a spriggan druid
  2183 | D        | Killed a spriggan druid
  2184 | D        | Reached XP level 11. HP: 35/53 MP: 10/10
  2647 | D        | Noticed an anaconda
  2662 | D        | HP: 1/53 [constriction (3)]
  2662 | D        | Constricted to death by an anaconda
  2663 | D        | Reached XP level 10. HP: -2/49 MP: 10/10
  2671 | D        | Killed an anaconda
  2923 | D        | Reached skill level 18 in Dodging
  2930 | D        | Noticed an anaconda
  2930 | D        | Noticed a black mamba
  2930 | D        | Noticed a black mamba
  2931 | D        | Noticed a black mamba
  2932 | D        | Killed a black mamba
  2935 | D        | Killed an anaconda
  2942 | D        | Killed a black mamba
  2945 | D        | Killed a black mamba
  2982 | D        | Noticed a naga warrior
  2982 | D        | Noticed a nagaraja
  2984 | D        | Found Zauts's Magic Scroll Shop.
  2984 | D        | Found Higg's Jewellery Shoppe.
  2991 | D        | Killed a naga warrior
  2992 | D        | Reached skill level 15 in Fighting
  2992 | D        | Reached skill level 19 in Dodging
  2992 | D        | Reached skill level 15 in Unarmed Combat
  2994 | D        | Killed a nagaraja
  2995 | D        | Reached XP level 11. HP: 54/54 MP: 10/10
  2999 | D        | Found Arevel's Antique Weapon Boutique.
  3107 | D        | Got a serpentine rune of Zot
  3213 | D        | Reached skill level 20 in Dodging
  3237 | D        | Noticed Rupert
  3251 | D        | Killed Rupert
  3454 | D        | Noticed a death yak
  3455 | D        | Noticed a death yak
  3472 | D        | Killed a death yak
  3693 | D        | Noticed a dire elephant
  3693 | D        | Noticed a dire elephant
  3693 | D        | Noticed Gastronok
  3716 | D        | Killed a dire elephant
  3717 | D        | Reached skill level 21 in Dodging
  3731 | D        | Killed a dire elephant
  3750 | D        | Killed Gastronok
  4271 | D        | Noticed an azure jelly
  4271 | D        | Noticed an azure jelly
  4271 | D        | Noticed an azure jelly
  4272 | D        | Noticed an azure jelly
  4276 | D        | Lost mutation: Your body sometimes deteriorates upon taking
                  | damage. [potion of mutation]
  4276 | D        | Lost mutation: You are frail. (-10% HP) [potion of
                  | mutation]
  4276 | D        | Gained mutation: Your spells are a little harder to cast,
                  | but a little more powerful. [potion of mutation]
  4276 | D        | Gained mutation: Your spells are harder to cast, but more
                  | powerful. [potion of mutation]
  4276 | D        | Gained mutation: Your flesh is cold resistant. (rC+)
                  | [potion of mutation]
  4276 | D        | Gained mutation: Your muscles are strong. (Str +4, Int/Dex
                  | -1) [potion of mutation]
  4309 | D        | Slain by an azure jelly
  4310 | D        | Reached XP level 10. HP: -1/90 MP: 10/10
  4316 | D        | Noticed a death yak
  4319 | D        | Noticed a death yak
  4321 | D        | Killed an azure jelly
  4322 | D        | Reached XP level 11. HP: 64/64 MP: 10/10
  4329 | D        | Killed a death yak
  4336 | D        | HP: 3/96 [azure jelly (6)]
  4336 | D        | Demolished by an azure jelly

Illustrated notes

Levels and vault maps discovered:
D:        dungeon_sprint_mu [sprint_mu_entry_cave, sprint_mu_temple_rooms,
          sprint_mu_d1_horrors, sprint_mu_d2_genie, sprint_mu_d3_branching,
          sprint_mu_orc_legion, sprint_mu_elf_gauntlet, sprint_mu_hive_nellie,
          sprint_mu_lair_fedhas, sprint_mu_vaults_butterflies,
          sprint_mu_slime_circle, sprint_mu_swamp_cave, sprint_mu_snake_twists,
          sprint_mu_blade_basic, sprint_mu_crypt_fortress,
          sprint_mu_tomb_spiral, sprint_mu_vestibule_basic,
          sprint_mu_gehenna_hellfire, sprint_mu_dis_giant,
          sprint_mu_tartarus_statrot, sprint_mu_cocytus_islands, sprint_mu_zot1]

Skill      XL: |  1  2  3  4  5  6  7  8  9 10 11 |
---------------+----------------------------------+-----
Stealth        | 8 11 13 14 15 17 18 19 20 | 20.5
Fighting       | 4 5 6 9 10 11 15 17 | 17.4
Dodging        | 5 6 9 12 13 15 19 21 | 21.9
Unarmed Combat | 4 5 6 9 10 11 15 17 | 17.4

Action                     |  1- 3 |  4- 6 |  7- 9 | 10-12 || total
---------------------------+-------+-------+-------+-------++-------
  Melee: Unarmed           |     9 |    15 |    43 |    99 ||   166
         Bite              |       |     1 |     4 |    14 ||    19
         Punch             |       |       |     6 |     7 ||    13
 Invoke: Berserk           |     1 |     1 |     4 |     7 ||    13
         Trog's Hand       |       |       |     2 |     6 ||     8
         Brothers in Arms  |       |       |     1 |    13 ||    14
    Use: Potion            |       |     2 |       |     6 ||     8
   Stab: Sleeping          |     3 |     6 |     8 |    15 ||    32
         Distracted        |       |       |     1 |     1 ||     2
 Armour: Skin              |       |       |     2 |     3 ||     5
  Dodge: Dodged            |     3 |     7 |    39 |   131 ||   180
